cohdb
Replays
Latest Replays
All Replays
Popular Replays
Top Player Replays
Match Explorer
How It Works
Community
CoH3 Stats
Reddit
Sign in to upload your games and track your stats! →
Sign in with Steam
Match 45566910
Unlisted
Match 45566910
Overview
Messages
Build Orders
End
250 Light Carrier
Panzerpioneer Squad
Selects Armored Support Battlegroup
Panzergrenadier Squad
Construct Light Support Kompanie
2.5-tonne Medical Truck
Selects Salvage Kits
MG34 Team
Fire Support Elements
Flakvierling Half-track
Selects Veteran Gunners
Pak 38 Anti-tank Gun Team
Vehicle Survival Package
Pak 38 Anti-tank Gun Team
Construct Panzerarmee Kommand
Flak 36 Anti-tank Gun Team
Emergency Repair Kits
Walking Stuka Rocket Launcher
Selects Panzer Storm
Walking Stuka Rocket Launcher
Armored Reserves
Selects Stuka Anti-tank Loiter
Stuka Anti-tank Loiter
BB12
Phoenix
nop.8
vincent
DugIronbeard
UNIZAC
Jamesrulz
ehddnr0722
0
0
Comments
sign in to comment!
No comments posted yet!